[Event "Titled Tuesday Blitz October 25 Late 2022"]
[White "Jaferian, Koosha"]
[Black "Dilmukhametov, Artur"]
[WhiteFideId "12507440"]
[BlackFideId "24179922"]
[WhiteElo "2127"]
[BlackElo "2197"]
[Result "1-0"]
[Round "10"]
[TimeControl "180+1"]
[Date "2022.10.26"]
[WhiteClock "0:00:17"]
[BlackClock "0:00:23"]

1. Nf3 d5 2. b3 Nf6 3. Bb2 c5 4. e3 Nc6 5. Be2 Bg4 6. O-O e6 7. c4 Be7 8. cxd5 Qxd5 9. Nc3 Qd7 10. h3 Bh5 11. Rc1 O-O 12. a3 Rfd8 13. d3 Bg6 14. e4 Bh5 15. Ne1 Bxe2 16. Nxe2 Nxe4 17. Nf4 Nf6 18. Bxf6 Bxf6 19. Rxc5 Be7 20. Rc4 Bxa3 21. Nh5 Ne5 22. Qa1 f6 23. Qxa3 Nxc4 24. dxc4 Qd6 25. Qc1 Qd2 26. Qa1 Qd4 27. Qa2 Qd2 28. Nc2 Qg5 29. Ng3 a6 30. Ne3 Rd7 31. Qa4 Rad8 32. Qa1 h5 33. Qc3 h4 34. Ne4 Qf4 35. Nc5 Re7 36. Qb4 Qc7 37. Ne4 Red7 38. Qc3 Qf4 39. Nc5 Re7 40. b4 Qd4 41. Qxd4 Rxd4 42. Rd1 Rxd1+ 43. Nxd1 b5 44. cxb5 axb5 45. Nc3 Ra7 46. Nxb5 Ra1+ 47. Kh2 Rb1 48. Na6 Rxb4 49. Nxb4 1-0


[Site "https://www.chess.com"]

[Event "Titled Tuesday Blitz October 25 Late 2022"]
[White "Javakhadze, Zurab"]
[Black "Zhigalko, Sergei"]
[WhiteFideId "13603647"]
[BlackFideId "13502956"]
[WhiteElo "2381"]
[BlackElo "2662"]
[Result "0-1"]
[Round "10"]
[TimeControl "180+1"]
[Date "2022.10.26"]
[WhiteClock "0:00:01"]
[BlackClock "0:00:03"]

1. d4 Nf6 2. c4 e6 3. Nf3 b6 4. a3 Ba6 5. Nbd2 Bb7 6. g3 c5 7. dxc5 bxc5 8. Bg2 Be7 9. O-O O-O 10. Qc2 d6 11. b4 Nbd7 12. Bb2 h6 13. Rfd1 Qc7 14. Nb3 Rfc8 15. Na5 Be4 16. Qc3 cxb4 17. axb4 Rab8 18. Ba3 Nd5 19. Qd2 N5f6 20. Rac1 a6 21. Nd4 Bxg2 22. Kxg2 Qb6 23. f3 Ne5 24. Ndb3 Nfd7 25. h4 Nc6 26. c5 Qb5 27. cxd6 Bf6 28. Nxc6 Rxc6 29. Rxc6 Qxc6 30. Na5 Qa4 31. Qd3 Ne5 32. Qb3 Qxa5 33. bxa5 Rxb3 34. Bc5 Nd7 35. Bf2 Rb2 36. Kf1 Ra2 37. Be1 Be5 38. f4 Ra1 39. Rd3 Bf6 40. Rb3 g5 41. hxg5 hxg5 42. Rb7 Nc5 43. Rb8+ Kg7 0-1


[Site "https://www.chess.com"]

[Event "Titled Tuesday Blitz October 25 Late 2022"]
[White "Jensen, Matthew R"]
[Black "Sailer, Mike"]
[WhiteFideId "2018110"]
[BlackFideId "2012901"]
[WhiteElo "2300"]
[BlackElo "2109"]
[Result "0-1"]
[Round "10"]
[TimeControl "180+1"]
[Date "2022.10.26"]
[WhiteClock "0:00:07"]
[BlackClock "0:00:08"]

1. d4 d5 2. c4 Bf5 3. cxd5 Bxb1 4. Rxb1 Qxd5 5. b3 Nc6 6. Nf3 O-O-O 7. e3 e5 8. Bc4 Bb4+ 9. Bd2 Bxd2+ 10. Qxd2 Qe4 11. Bd3 Qg4 12. O-O e4 13. h3 Qg6 14. Nh4 Qf6 15. Bxe4 Qxh4 16. Bxc6 bxc6 17. Rbc1 Ne7 18. Qa5 Rd5 19. Qxa7 Kd7 20. Qa6 h5 21. Qe2 Rh6 22. e4 Rxd4 23. e5 Rg6 24. Rcd1 Rd5 25. Qf3 f6 26. e6+ Kxe6 27. Rfe1+ Kd7 28. Qe3 f5 29. Kh2 Qf6 30. Rxd5+ cxd5 31. Qc5 Qd6+ 32. Qxd6+ Kxd6 33. Re3 Re6 34. Rd3 c5 35. Rd2 d4 36. Kg3 Kd5 37. Kf4 Re4+ 38. Kg5 g6 39. f3 Re3 40. Kf6 d3 41. a4 Kd4 42. a5 Kc3 43. Rd1 Re2 44. Ra1 d2 45. a6 Re1 0-1


[Site "https://www.chess.com"]

[Event "Titled Tuesday Blitz October 25 Late 2022"]
[White "Jobava, Baadur"]
[Black "Hansen, Eric"]
[WhiteFideId "13601520"]
[BlackFideId "2606771"]
[WhiteElo "2582"]
[BlackElo "2568"]
[Result "0-1"]
[Round "10"]
[TimeControl "180+1"]
[Date "2022.10.26"]
[WhiteClock "0:00:13"]
[BlackClock "0:00:10"]

1. e4 e5 2. Nf3 Nc6 3. d4 exd4 4. Nxd4 Nf6 5. Nxc6 bxc6 6. Bd3 d5 7. exd5 cxd5 8. O-O Be7 9. h3 O-O 10. Nd2 Re8 11. Re1 c5 12. b3 Bb7 13. Bb2 d4 14. Bb5 Rf8 15. Bf1 Nd5 16. Ne4 Qc7 17. Qd2 Rad8 18. Rad1 h6 19. c3 f5 20. Ng3 f4 21. Ne4 f3 22. g3 Ne3 23. cxd4 Nxd1 24. Qxd1 cxd4 25. Qd3 Kh8 26. h4 Bb4 27. Rc1 Qe7 28. Nd2 Ba6 29. Qxa6 Bxd2 30. Rc6 Rf6 31. Rxf6 Qxf6 32. Qxa7 Bc3 33. Ba3 Re8 34. Bd3 Qe6 35. Qa4 Qe1+ 36. Bf1 Qxf1+ 37. Kxf1 Re1# 0-1


[Site "https://www.chess.com"]

[Event "Titled Tuesday Blitz October 25 Late 2022"]
[White "Joubert, Dantelle"]
[Black "Arnold, Ken"]
[WhiteFideId "14310813"]
[BlackFideId "2056836"]
[WhiteElo "1507"]
[BlackElo "2298"]
[Result "0-1"]
[Round "10"]
[TimeControl "180+1"]
[Date "2022.10.26"]
[WhiteClock "0:00:24"]
[BlackClock "0:00:44"]

1. d4 d5 2. c4 c6 3. Nc3 Nf6 4. e3 e6 5. Nf3 Bd6 6. Be2 O-O 7. O-O b6 8. Qc2 Bb7 9. b3 Nbd7 10. Bb2 Rc8 11. e4 dxe4 12. Nxe4 Be7 13. Ng3 c5 14. dxc5 Bxc5 15. Rad1 Qe7 16. Ng5 h6 17. Rxd7 Qxd7 18. Bxf6 hxg5 19. Bxg5 f6 20. Bc1 Rfd8 21. Bg4 Qc6 22. Bh3 Re8 23. Qg6 Qd7 24. Re1 Qf7 25. Qg5 fxg5 0-1


[Site "https://www.chess.com"]

[Event "Titled Tuesday Blitz October 25 Late 2022"]
[White "Kabanova, Ekaterina"]
[Black "Radovic, Luka"]
[WhiteFideId "24112917"]
[BlackFideId "911569"]
[WhiteElo "2141"]
[BlackElo "2257"]
[Result "0-1"]
[Round "10"]
[TimeControl "180+1"]
[Date "2022.10.26"]
[WhiteClock "0:01:15"]
[BlackClock "0:00:58"]

1. c4 e6 2. Nf3 d5 3. e3 Nf6 4. a3 c5 5. Qc2 Nc6 6. d3 Be7 7. Nbd2 O-O 8. Be2 e5 9. O-O h6 10. cxd5 Nxd5 11. b3 Re8 12. Bb2 Bf8 13. Rac1 b6 14. h3 Bb7 15. Rfe1 Rc8 16. Nc4 Qc7 17. Qb1 b5 18. Ncd2 f5 19. Qa1 e4 20. dxe4 fxe4 21. Nh2 a6 22. Qb1 Qe7 23. Bg4 Rcd8 24. Bf5 Nf6 25. Red1 Rd5 26. Bg6 Red8 27. Nxe4 Rxd1+ 28. Rxd1 Rxd1+ 29. Qxd1 Ne5 30. Nxf6+ Qxf6 31. Qc2 Qxg6 32. Qxg6 Nxg6 33. Ng4 h5 34. Nh2 Bd6 35. Nf1 Be5 36. Bc1 c4 37. bxc4 bxc4 38. Nd2 c3 39. Nc4 Bf6 40. f3 Ne5 41. Nd6 Nd3 42. Nxb7 Nxc1 43. Nc5 Ne2+ 44. Kf2 c2 0-1


[Site "https://www.chess.com"]

[Event "Titled Tuesday Blitz October 25 Late 2022"]
[White "Korobov, Anton"]
[Black "Paravyan, David"]
[WhiteFideId "14105730"]
[BlackFideId "4194985"]
[WhiteElo "2635"]
[BlackElo "2555"]
[Result "0-1"]
[Round "10"]
[TimeControl "180+1"]
[Date "2022.10.26"]
[WhiteClock "0:00:10"]
[BlackClock "0:00:09"]

1. d4 Nf6 2. c4 g6 3. Nc3 d5 4. cxd5 Nxd5 5. e4 Nxc3 6. bxc3 Bg7 7. Bc4 c5 8. Ne2 O-O 9. O-O Nc6 10. Be3 Bg4 11. f3 Na5 12. Bd3 cxd4 13. cxd4 Be6 14. d5 Bxa1 15. Qxa1 f6 16. h4 Bd7 17. h5 Rc8 18. hxg6 hxg6 19. Nf4 Nc4 20. Bxc4 Rxc4 21. Nxg6 Rf7 22. Nf4 Qa5 23. Qb2 Qc3 24. Qf2 Qc2 25. Qh4 Rh7 26. Nh5 Kh8 27. d6 Be8 28. dxe7 Rxh5 29. Qxf6+ Kh7 30. Bd4 Rxd4 31. Qxd4 Qc5 32. Rd1 Kg8 33. g4 Qxd4+ 34. Rxd4 Ra5 35. Rd2 Kf7 36. Kf2 Kxe7 37. Kg3 Bf7 38. f4 Rxa2 39. Rd1 b5 40. f5 b4 41. e5 b3 42. g5 b2 43. Rb1 a5 44. g6 a4 45. Kf4 a3 46. f6+ Ke6 47. gxf7 Kxf7 48. Kf5 Ra1 49. e6+ Ke8 50. f7+ Ke7 0-1


[Site "https://www.chess.com"]

[Event "Titled Tuesday Blitz October 25 Late 2022"]
[White "Koutlas, Nikolaos"]
[Black "Stoyanov, Tsvetan"]
[WhiteFideId "25827138"]
[BlackFideId "2917173"]
[WhiteElo "2167"]
[BlackElo "2349"]
[Result "0-1"]
[Round "10"]
[TimeControl "180+1"]
[Date "2022.10.26"]
[WhiteClock "0:00:08"]
[BlackClock "0:01:21"]

1. e4 c5 2. Nf3 d6 3. d4 cxd4 4. c3 Nf6 5. Bd3 dxc3 6. Nxc3 g6 7. Bc4 Nc6 8. Bf4 Bg7 9. O-O Bg4 10. h3 Bxf3 11. Qxf3 O-O 12. Rad1 Qb6 13. Rfe1 Qxb2 14. Rb1 Qa3 15. Rxb7 Na5 16. Bc1 Qc5 17. Rb5 Qxc4 18. Rxa5 Rfc8 19. Nd5 Nxd5 20. exd5 Qc3 21. Rxe7 Qxf3 22. gxf3 Rxc1+ 23. Kg2 Bd4 24. Ra4 Bc5 25. Rf4 Rf8 0-1


[Site "https://www.chess.com"]

[Event "Titled Tuesday Blitz October 25 Late 2022"]
[White "Kovacevic, Radmila"]
[Black "Phillips, Rene"]
[WhiteFideId "933171"]
[BlackFideId "2056275"]
[WhiteElo "2208"]
[BlackElo "2042"]
[Result "1/2-1/2"]
[Round "10"]
[TimeControl "180+1"]
[Date "2022.10.26"]
[WhiteClock "0:02:37"]
[BlackClock "0:02:01"]

1. e4 Nc6 2. d4 d5 3. exd5 Qxd5 4. Nf3 Bg4 5. Be2 O-O-O 6. c4 Qh5 7. Be3 Nf6 8. O-O e6 9. Nbd2 Bd6 10. h3 Bxh3 11. gxh3 Qxh3 12. c5 Qg4+ 13. Kh1 Qh3+ 14. Kg1 Qg4+ 15. Kh1 Qh3+ 16. Kg1 1/2-1/2


[Site "https://www.chess.com"]

[Event "Titled Tuesday Blitz October 25 Late 2022"]
[White "Lawson, Eric"]
[Black "Gritsenko, Nikolai"]
[WhiteFideId "2604116"]
[BlackFideId "14112493"]
[WhiteElo "2552"]
[BlackElo "2389"]
[Result "0-1"]
[Round "10"]
[TimeControl "180+1"]
[Date "2022.10.26"]
[WhiteClock "0:00:25"]
[BlackClock "0:00:38"]

1. d4 d5 2. Nf3 Nc6 3. g3 Bg4 4. Bg2 Qd7 5. h3 Bf5 6. Nbd2 e6 7. c3 h6 8. O-O Bd6 9. Re1 Nf6 10. Nh4 Bh7 11. e4 dxe4 12. Nxe4 Nxe4 13. Bxe4 Bxe4 14. Rxe4 O-O-O 15. Qe2 Rhe8 16. Nf3 f5 17. Re3 e5 18. Nxe5 Bxe5 19. dxe5 Nxe5 20. Kg2 Qc6+ 21. f3 Nc4 22. Rxe8 Rxe8 23. Qf2 g5 24. b3 Ne5 25. c4 Nxf3 26. Be3 g4 27. hxg4 fxg4 28. Rh1 Ng5+ 29. Kh2 Qf3 30. Re1 Qxf2+ 31. Bxf2 Nf3+ 0-1


[Site "https://www.chess.com"]

[Event "Titled Tuesday Blitz October 25 Late 2022"]
[White "Leenhouts, Koen"]
[Black "Maksimovic, Bojan"]
[WhiteFideId "1008439"]
[BlackFideId "14408120"]
[WhiteElo "2409"]
[BlackElo "2447"]
[Result "0-1"]
[Round "10"]
[TimeControl "180+1"]
[Date "2022.10.26"]
[WhiteClock "0:00:13"]
[BlackClock "0:01:06"]

1. d4 Nf6 2. c4 g6 3. Nc3 Bg7 4. e4 d6 5. f3 O-O 6. Bg5 c5 7. d5 h6 8. Be3 a6 9. Qd2 Kh7 10. a4 Nbd7 11. Nh3 Ne5 12. Nf2 Qa5 13. Be2 e6 14. O-O exd5 15. Nxd5 Qxd2 16. Nxf6+ Bxf6 17. Bxd2 Be6 18. Bc3 Kg7 19. Rfc1 Rfc8 20. f4 Nd7 21. g4 Bxc3 22. Rxc3 f6 23. Rd1 Rc6 24. Rcd3 Kf8 25. Rxd6 Rxd6 26. Rxd6 Ke7 27. Rd2 g5 28. e5 gxf4 29. exf6+ Nxf6 30. b3 Rg8 31. h3 h5 32. Bf3 hxg4 33. hxg4 Nxg4 34. Nxg4 Bxg4 35. Kf2 Bxf3 36. Kxf3 Rg3+ 37. Kxf4 Rxb3 38. Rd5 Rb4 39. Rxc5 Kd6 40. Rd5+ Kc6 41. Ke5 Rxc4 42. Rd6+ Kc7 43. a5 Rc5+ 44. Ke6 Rc6 45. Rxc6+ Kxc6 46. Ke7 Kb5 47. Kd7 Kxa5 0-1


[Site "https://www.chess.com"]

[Event "Titled Tuesday Blitz October 25 Late 2022"]
[White "Lindholt, Malik"]
[Black "Wiegmann, Sascha"]
[WhiteFideId "1404490"]
[BlackFideId "4682041"]
[WhiteElo "2020"]
[BlackElo "2302"]
[Result "0-1"]
[Round "10"]
[TimeControl "180+1"]
[Date "2022.10.26"]
[WhiteClock "0:00:03"]
[BlackClock "0:00:11"]

1. e4 c5 2. Nf3 d6 3. d4 cxd4 4. Nxd4 Nf6 5. Nc3 a6 6. Be3 e5 7. Nb3 Be6 8. Qd2 Nbd7 9. f3 Be7 10. g4 b5 11. g5 b4 12. gxf6 bxc3 13. Qxc3 Nxf6 14. O-O-O O-O 15. Rg1 a5 16. Kb1 Qb8 17. Bh6 g6 18. Bxf8 Bxf8 19. Bc4 Bxc4 20. Qxc4 a4 21. Nc1 a3 22. b3 Qb6 23. Nd3 Nh5 24. Nb4 Qf2 25. Qf1 Qxh2 26. Rh1 Qf4 27. Nd5 Qg5 28. Qh3 Kh8 29. Rdg1 Qd2 30. Qg2 Qd4 31. c3 Qd3+ 32. Ka1 Bh6 33. Rd1 Qb5 34. c4 Qc5 35. Qg4 Rg8 36. Qg2 Bg7 37. Rh2 Nf4 38. Qd2 Nxd5 39. cxd5 Rc8 40. Rdh1 h5 0-1


[Site "https://www.chess.com"]

[Event "Titled Tuesday Blitz October 25 Late 2022"]
[White "Luxama, Jacques Muller"]
[Black "Celestino, Rafael Teixeira"]
[WhiteFideId "11900113"]
[BlackFideId "2108925"]
[WhiteElo "1931"]
[BlackElo "2421"]
[Result "0-1"]
[Round "10"]
[TimeControl "180+1"]
[Date "2022.10.26"]
[WhiteClock "0:00:11"]
[BlackClock "0:00:16"]

1. d4 Nf6 2. c4 e6 3. Nc3 d5 4. cxd5 exd5 5. Bg5 Bb4 6. e3 h6 7. Bh4 g5 8. Bg3 Ne4 9. Ne2 c5 10. dxc5 Qa5 11. Be5 f6 12. Qxd5 Nxc5 13. Bxf6 Be6 14. Qd6 Rh7 15. O-O-O Nb3+ 16. axb3 Bxd6 17. Rxd6 Qa1+ 18. Nb1 Rc7+ 19. Nc3 Bf5 20. Bb5+ Nd7 21. Bc4 b5 22. Nxb5 Qxb1+ 23. Kd2 Qc2+ 24. Ke1 Rxc4 25. bxc4 Qxc4 26. Nc3 Rb8 27. g4 Bc2 28. Kd2 Ba4 29. Kc1 Rb6 30. Rxb6 axb6 31. Bd4 Nc5 32. h3 Nd3+ 33. Kd2 Bb3 34. Ra1 Nb4 35. Ra8+ Kd7 36. Ra7+ Kc8 37. Bxb6 Qd3+ 38. Ke1 Nc2# 0-1


[Site "https://www.chess.com"]

[Event "Titled Tuesday Blitz October 25 Late 2022"]
[White "Machidon, Cristi"]
[Black "Graif, William"]
[WhiteFideId "13904590"]
[BlackFideId "2609835"]
[WhiteElo "2312"]
[BlackElo "2205"]
[Result "1-0"]
[Round "10"]
[TimeControl "180+1"]
[Date "2022.10.26"]
[WhiteClock "0:01:15"]
[BlackClock "0:00:10"]

1. d4 Nf6 2. c4 e5 3. dxe5 Ng4 4. Bf4 Nc6 5. Nf3 f6 6. e6 Bb4+ 7. Nc3 Bxc3+ 8. bxc3 dxe6 9. Qxd8+ Kxd8 10. h3 e5 11. hxg4 exf4 12. g5 Ke7 13. gxf6+ Kxf6 14. O-O-O Bf5 15. Nd4 Rad8 16. e3 fxe3 17. fxe3 Be4 18. Rh4 Rhe8 19. Rf4+ Kg5 20. Be2 Bg6 21. Nf3+ Kh6 22. Rh1+ Bh5 23. g4 Rxe3 24. Rxh5+ Kg6 25. Nh4# 1-0


[Site "https://www.chess.com"]

[Event "Titled Tuesday Blitz October 25 Late 2022"]
[White "Makarian, Rudik"]
[Black "Kamsky, Gata"]
[WhiteFideId "44105681"]
[BlackFideId "2000024"]
[WhiteElo "2405"]
[BlackElo "2666"]
[Result "0-1"]
[Round "10"]
[TimeControl "180+1"]
[Date "2022.10.26"]
[WhiteClock "0:00:02"]
[BlackClock "0:00:36"]

1. Nf3 g6 2. c4 Bg7 3. Nc3 d6 4. g3 Nf6 5. Bg2 c5 6. O-O Nc6 7. a3 O-O 8. Rb1 Bf5 9. d3 Qd7 10. b4 Bh3 11. b5 Nd4 12. Bg5 Nxf3+ 13. exf3 Bxg2 14. Kxg2 e6 15. Re1 d5 16. cxd5 Nxd5 17. Ne4 b6 18. Qc2 h6 19. Be3 Rfd8 20. Rb3 a6 21. bxa6 Rxa6 22. Reb1 Rda8 23. Bc1 Qd8 24. Nd2 b5 25. Ne4 b4 26. Nxc5 Rxa3 27. Bxa3 bxa3 28. Na4 Qd6 29. Rb7 a2 30. Qxa2 Nc3 31. Nxc3 Rxa2 32. Nxa2 Qxd3 33. R7b3 Qd2 34. Nb4 Bd4 35. Nd3 e5 36. Rf1 Qc2 37. Rb8+ Kg7 38. Nb4 Qc7 39. Rb5 Qc4 40. Rb7 Bc5 41. Nc6 Qd5 42. Rc7 Bb6 43. Rc8 Qd7 44. Nxe5 Qxc8 45. h4 h5 46. Nd3 Qc2 47. Nf4 Qd2 48. Nh3 f6 49. Rb1 Bd4 50. Rb7+ Kh6 51. Rd7 Qb2 52. Rd6 Bc5 53. Rd7 g5 54. hxg5+ fxg5 55. Rd5 Be7 0-1


[Site "https://www.chess.com"]

[Event "Titled Tuesday Blitz October 25 Late 2022"]
[White "Malka, Samuel"]
[Black "Wieczorek, Zbigniew"]
[WhiteFideId "20643675"]
[BlackFideId "1102001"]
[WhiteElo "2448"]
[BlackElo "2356"]
[Result "1-0"]
[Round "10"]
[TimeControl "180+1"]
[Date "2022.10.26"]
[WhiteClock "0:00:12"]
[BlackClock "0:00:02"]

1. d4 d5 2. c4 c6 3. Nf3 Nf6 4. Nc3 g6 5. cxd5 cxd5 6. Bf4 a6 7. a4 Nc6 8. e3 Bg7 9. Be2 O-O 10. O-O Bg4 11. h3 Bxf3 12. Bxf3 e6 13. Na2 Rc8 14. b4 b5 15. axb5 axb5 16. Qb3 Nd7 17. Nc3 Qe7 18. Nxb5 e5 19. Bg3 Rb8 20. Nc3 Nxb4 21. Nxd5 Nxd5 22. Qxd5 exd4 23. Bxb8 Nxb8 24. exd4 Rd8 25. Rfe1 Qf6 26. Qb5 h5 27. Rad1 Na6 28. Re8+ Rxe8 29. Qc6 Kh7 30. Qxe8 Nb4 31. d5 Qf4 32. Qe4 Qd6 33. Rb1 Na6 34. Rc1 Nc5 35. Qe3 Nd7 36. Rc6 Qb4 37. Rc1 Ne5 38. Rd1 f6 39. d6 Bh6 40. Qe4 Qb3 41. d7 1-0


[Site "https://www.chess.com"]

[Event "Titled Tuesday Blitz October 25 Late 2022"]
[White "Marcolino, Daniel Mattos"]
[Black "Mickiewicz, Piotr"]
[WhiteFideId "2106841"]
[BlackFideId "1114891"]
[WhiteElo "2089"]
[BlackElo "2246"]
[Result "1/2-1/2"]
[Round "10"]
[TimeControl "180+1"]
[Date "2022.10.26"]
[WhiteClock "0:00:15"]
[BlackClock "0:00:13"]

1. d4 Nf6 2. Nf3 e6 3. g3 b6 4. Bg2 Bb7 5. O-O Be7 6. c4 c5 7. Nc3 cxd4 8. Qxd4 d6 9. Bg5 a6 10. Rfd1 Nbd7 11. Rac1 O-O 12. b3 Qc7 13. Qd2 Rfe8 14. Bf4 Ne5 15. Nxe5 Bxg2 16. Kxg2 dxe5 17. Bg5 Qc6+ 18. f3 Rad8 19. Qc2 h6 20. Bxf6 Bxf6 21. Ne4 Be7 22. Rxd8 Rxd8 23. Rd1 Rd4 24. e3 Rxd1 25. Qxd1 f5 26. Nf2 Bc5 27. Qd3 Kf7 28. e4 g6 29. h3 Ke7 30. g4 Bxf2 31. Kxf2 Qc5+ 32. Qe3 Qd4 33. gxf5 Qxe3+ 34. Kxe3 exf5 35. exf5 gxf5 36. b4 a5 37. a3 a4 38. Kf2 h5 39. Kg3 Kf6 40. h4 Ke6 41. Kf2 Kd6 42. Ke3 Kc6 43. Kd3 Kc7 44. Ke3 Kd6 45. Kd3 Ke6 46. Ke3 Kf6 47. Kd3 Ke7 48. Ke3 Kd6 49. Kd3 Kc6 50. Ke3 b5 51. cxb5+ Kxb5 52. Kd3 Kb6 53. Kc4 Kc6 54. Kd3 Kd5 55. Ke3 Kc4 56. Ke2 Kd4 57. Kd2 Kc4 58. Ke2 Kd4 59. Kd2 Kc4 60. Ke2 1/2-1/2


[Site "https://www.chess.com"]

[Event "Titled Tuesday Blitz October 25 Late 2022"]
[White "Melikhov, Evgeny V."]
[Black "Vlassov, Nikolai"]
[WhiteFideId "4122046"]
[BlackFideId "4103360"]
[WhiteElo "2169"]
[BlackElo "2324"]
[Result "0-1"]
[Round "10"]
[TimeControl "180+1"]
[Date "2022.10.26"]
[WhiteClock "0:00:15"]
[BlackClock "0:00:23"]

1. d4 Nf6 2. c4 Nc6 3. Nf3 e6 4. Nc3 Bb4 5. Qc2 d6 6. a3 Bxc3+ 7. Qxc3 a5 8. b3 Qe7 9. Bb2 O-O 10. e3 Re8 11. Be2 e5 12. dxe5 dxe5 13. O-O Bg4 14. Qc2 e4 15. Nd4 Bxe2 16. Nxc6 bxc6 17. Qxe2 Reb8 18. Qc2 Rb7 19. Bc3 Nd7 20. Bd4 f5 21. Qc3 c5 22. Bxg7 Qxg7 23. Qc2 Ne5 24. Rad1 Nd3 25. f3 Qb2 26. Qxb2 Nxb2 27. Rd5 Rxb3 28. fxe4 Nxc4 29. Rdxf5 Nxe3 30. Rg5+ Kh8 31. Rf7 Rg8 32. Rxg8+ Kxg8 33. Rxc7 c4 34. Kf2 Ng4+ 35. Ke2 c3 36. Kd3 Rxa3 37. h3 Nf2+ 38. Ke3 Nd1+ 39. Kf4 Ra2 40. g4 Rf2+ 41. Ke5 c2 42. Ke6 a4 43. h4 a3 44. Rc8+ Kg7 45. Rc7+ Kg6 46. Ke5 a2 47. Rc6+ Kg7 48. Rc7+ Rf7 49. Rxc2 a1=Q+ 0-1


[Site "https://www.chess.com"]

[Event "Titled Tuesday Blitz October 25 Late 2022"]
[White "Mendez Fortes, Eduardo Jesus"]
[Black "Rustemov, Alexander"]
[WhiteFideId "3502376"]
[BlackFideId "4119002"]
[WhiteElo "2307"]
[BlackElo "2799"]
[Result "0-1"]
[Round "10"]
[TimeControl "180+1"]
[Date "2022.10.26"]
[WhiteClock "0:00:01"]
[BlackClock "0:00:13"]

1. e4 e6 2. d4 d5 3. Nd2 dxe4 4. Nxe4 Bd7 5. Nf3 Bc6 6. Bd3 Nd7 7. Qe2 Ngf6 8. Neg5 Qe7 9. Ne5 Nxe5 10. dxe5 Nd7 11. O-O h6 12. Nf3 Qb4 13. a3 Qg4 14. Re1 Nxe5 15. Qxe5 Bxf3 16. g3 Bd6 17. Bb5+ Ke7 18. Qc3 a6 19. Bf1 Bc6 20. Bg2 Bxg2 21. Kxg2 Rhd8 22. Be3 Kf8 23. Bd4 Qg6 24. Rad1 Rd7 25. Qb3 b6 26. Qc4 Qf5 27. Bc3 Kg8 28. Qc6 Rad8 29. Rd3 Qb5 30. Qe4 Bf8 31. Rf3 Qd5 32. Qe2 b5 33. Kg1 c5 34. Rf4 Qc6 35. Rg4 Rd5 36. Qe3 g6 37. Rh4 h5 38. g4 Bg7 39. gxh5 g5 40. Rg4 Bxc3 41. bxc3 Kh7 42. Rg2 Rf5 43. Kf1 Qd5 44. Kg1 Rg8 45. Qe2 Qf3 46. Qxf3 Rxf3 47. Rg3 Rf4 48. Re5 Kh6 49. Rxc5 Kxh5 0-1


[Site "https://www.chess.com"]

[Event "Titled Tuesday Blitz October 25 Late 2022"]
[White "Miszler, Levente"]
[Black "Pinheiro, Iung Alicio de O."]
[WhiteFideId "763276"]
[BlackFideId "2104350"]
[WhiteElo "2176"]
[BlackElo "2283"]
[Result "1-0"]
[Round "10"]
[TimeControl "180+1"]
[Date "2022.10.26"]
[WhiteClock "0:00:37"]
[BlackClock "0:00:02"]

1. Nf3 c5 2. e3 e6 3. d4 Nf6 4. Be2 b6 5. O-O Bb7 6. b3 cxd4 7. Nxd4 a6 8. Bb2 Be7 9. Bf3 Ra7 10. c4 O-O 11. Nd2 Qc8 12. Qc2 d6 13. Rac1 Nbd7 14. Qb1 Qa8 15. Qa1 Rc8 16. Bxb7 Rxb7 17. Rfd1 Nc5 18. a4 Nd3 19. Rc2 Rbc7 20. Ba3 Nc5 21. Ra2 h6 22. a5 bxa5 23. Bxc5 Rxc5 24. Rxa5 Rxa5 25. Qxa5 d5 26. Ra1 Qb8 27. Qxa6 Bb4 28. Nc6 Bxd2 29. Nxb8 Rxb8 30. cxd5 Nxd5 31. Qd3 Bb4 32. g3 Be7 33. Ra7 Bf6 34. Qc4 Rd8 35. Qa4 Nc3 36. Qa5 Kh7 37. Rxf7 Rd1+ 38. Kg2 Rd2 39. Rxf6 Ne4 40. Rf4 1-0


[Site "https://www.chess.com"]

[Event "Titled Tuesday Blitz October 25 Late 2022"]
[White "Moreno Perez, Tobias Sebastian"]
[Black "Goroshkov, Maksym"]
[WhiteFideId "186716"]
[BlackFideId "14142716"]
[WhiteElo "2499"]
[BlackElo "2257"]
[Result "0-1"]
[Round "10"]
[TimeControl "180+1"]
[Date "2022.10.26"]
[WhiteClock "0:00:02"]
[BlackClock "0:00:35"]

1. d4 Nf6 2. Nf3 d6 3. g3 g6 4. Bg2 Bg7 5. O-O O-O 6. c4 c6 7. Nc3 Bg4 8. b3 Qc8 9. Re1 Bh3 10. Bh1 Nbd7 11. Bb2 e5 12. dxe5 dxe5 13. Ng5 Bf5 14. e4 Bg4 15. f3 Be6 16. Nxe6 fxe6 17. Qd6 Re8 18. Bg2 Bf8 19. Qd2 Bc5+ 20. Kh1 Bd4 21. Rad1 c5 22. Nb5 Qc6 23. Nxd4 exd4 24. e5 Nh5 25. f4 Qc7 26. Qd3 Rad8 27. Qe4 b6 28. Rf1 Ng7 29. g4 Rf8 30. Bc1 Rf7 31. Bd2 Rdf8 32. Rf3 a6 33. Rh3 b5 34. Qe1 Ne8 35. Qh4 Qb8 36. Be4 Rg7 37. Rf1 Nxe5 38. Qg5 Nd7 39. Rg1 Nef6 40. Bf3 e5 41. fxe5 Qxe5 42. Qh6 Ne4 43. Re1 Ndf6 44. Kg2 bxc4 45. bxc4 Qe6 46. Bf4 Qxc4 47. Bxe4 Nxe4 48. Be5 Qc2+ 49. Kh1 Nf2+ 50. Kg2 Nxh3+ 51. Kxh3 Rf3+ 52. Kh4 Qf2+ 53. Bg3 Rxg3 0-1


[Site "https://www.chess.com"]

[Event "Titled Tuesday Blitz October 25 Late 2022"]
[White "Naroditsky, Daniel"]
[Black "Firouzja, Alireza"]
[WhiteFideId "2026961"]
[BlackFideId "12573981"]
[WhiteElo "2628"]
[BlackElo "2903"]
[Result "1/2-1/2"]
[Round "10"]
[TimeControl "180+1"]
[Date "2022.10.26"]
[WhiteClock "0:00:03"]
[BlackClock "0:00:06"]

1. e4 e5 2. Nf3 Nc6 3. Bb5 Nf6 4. d3 Bc5 5. O-O Nd4 6. Nxd4 Bxd4 7. Nd2 c6 8. Ba4 d6 9. Nf3 Bb6 10. Be3 O-O 11. Bb3 Re8 12. h3 Be6 13. Qe2 h6 14. Rad1 Bxb3 15. axb3 d5 16. Nh4 Qe7 17. Nf5 Qe6 18. Qf3 Kh7 19. Rfe1 Rad8 20. Ra1 Bxe3 21. Qxe3 a6 22. Qf3 g6 23. Ne3 dxe4 24. dxe4 Rd4 25. Nc4 Red8 26. c3 Rd3 27. Re3 Rxe3 28. Nxe3 Kg7 29. b4 Rd2 30. Rd1 Rxd1+ 31. Qxd1 Nxe4 32. Qd8 Qd6 33. Qe8 Nf6 34. Qc8 Qd7 35. Qb8 Qe7 36. Nc4 e4 37. Na5 e3 38. fxe3 Qxe3+ 39. Kh2 Nd7 40. Qxb7 Ne5 41. Nxc6 Qf4+ 42. Kh1 Qe4 43. Nd8 Qe1+ 44. Kh2 Qd2 45. Ne6+ Kf6 46. Nd4 Qf4+ 47. Kh1 Qf1+ 48. Kh2 Qf4+ 49. Kh1 Qf1+ 50. Kh2 Qf4+ 1/2-1/2


[Site "https://www.chess.com"]

[Event "Titled Tuesday Blitz October 25 Late 2022"]
[White "Omariev, Maksim"]
[Black "Polster, Christian"]
[WhiteFideId "4193423"]
[BlackFideId "12965081"]
[WhiteElo "2415"]
[BlackElo "2209"]
[Result "1-0"]
[Round "10"]
[TimeControl "180+1"]
[Date "2022.10.26"]
[WhiteClock "0:00:08"]
[BlackClock "0:00:03"]

1. g4 d5 2. Bg2 Bxg4 3. c4 dxc4 4. Bxb7 Nd7 5. Bxa8 Qxa8 6. f3 e5 7. Qa4 Be6 8. Na3 Qd5 9. b3 Qd4 10. Rb1 Qh4+ 11. Kf1 Bc5 12. e3 Nf6 13. Nxc4 O-O 14. Bb2 Nh5 15. Nxe5 Ng3+ 16. hxg3 Qxh1 17. Qh4 Qxh4 18. gxh4 Nxe5 19. Bxe5 Bd6 20. Bxd6 cxd6 21. Ke2 a5 22. Rc1 Ra8 23. Rc6 a4 24. bxa4 Rxa4 25. Rxd6 g6 26. e4 Rxa2 27. Ke3 Ra1 28. Ne2 Rh1 29. Nf4 Rxh4 30. Nxe6 fxe6 31. Rxe6 Kf7 32. Ra6 Rh1 33. d4 Rd1 34. d5 h5 35. Kf4 Rd3 36. d6 Ke6 37. e5 Rd4+ 38. Ke3 Rd1 39. f4 h4 40. Ra7 h3 41. Re7+ Kf5 42. Rf7+ Kg4 43. d7 h2 44. Rh7 Rxd7 45. Rxh2 Rb7 46. Rg2+ Kf5 47. Rg5+ Ke6 48. Rxg6+ Kd5 49. Rd6+ Kc5 50. f5 Rb3+ 51. Kf4 Rb4+ 52. Kg5 Re4 53. Kf6 Rh4 54. Re6 Kd5 55. Re7 Ke4 56. Kf7 Kxf5 57. e6 Rh7+ 58. Ke8 Rh8+ 59. Kd7 Kf6 60. Rf7+ Ke5 61. Rf1 Rh7+ 62. e7 Rg7 63. Kd8 Kd6 64. e8=Q Rc7 65. Qf8+ Kc6 66. Rc1+ 1-0


[Site "https://www.chess.com"]